 Dungeon Crawl Stone Soup version 0.30.0-5-g1a98f26d00 (webtiles) character file.

Game seed: 8051149220279038686

271 Jase the Chopper (level 6, -7/56 HPs)
             Began as a Hill Orc Fighter on May 8, 2023.
             Mangled by an ogre
             ... wielding a +0 giant club
              (22 damage)
             ... on level 4 of the Dungeon.
             The game lasted 00:05:37 (2513 turns).

Jase the Chopper (Hill Orc Fighter)                 Turns: 2513, Time: 00:05:38

Health: -7/56      AC:  9    Str: 21    XL:     6   Next: 23%
Magic:  6/6        EV:  8    Int:  8    God:
Gold:   110        SH:  4    Dex: 10    Spells: 5/5 levels left

rFire   . . .        a - +0 war axe
rCold   . . .        c - +0 buckler
rNeg    . . .        i - +0 chain mail
rPois   .            (no helmet)
rElec   .            (no cloak)
rCorr   .            (no gloves)
SInv    +            (no boots)
Will    .....        (no amulet) Stlth
                     w - ring of see invisible
HPRegen 0.29/turn    (no ring)
MPRegen 0.10/turn

%: no passive effects
@: no status effects
A: no striking features
a: no special abilities


You were on level 4 of the Dungeon.
You visited 1 branch of the dungeon, and saw 4 of its levels.

You collected 110 gold pieces.

Inventory:

Hand Weapons
 a - a +0 war axe (weapon)
Missiles
 n - 2 javelins (quivered)
Armour
 c - a +0 buckler (worn)
 i - a +0 chain mail (worn)
Jewellery
 j - a ring of fire
 w - a ring of see invisible (left hand)
Scrolls
 b - a scroll of amnesia {unknown}
 f - 2 scrolls of identify {unknown}
 l - a scroll of noise {unknown}
 o - 2 scrolls of vulnerability {unknown}
 p - a scroll of poison {unknown}
 q - 2 scrolls of immolation {unknown}
 r - a scroll of teleportation {unknown}
 t - a scroll of blinking {unknown}
 x - a scroll of torment {unknown}
Potions
 d - a potion of might
 e - a potion of haste {unknown}
 g - a potion of magic {unknown}
 h - 2 potions of flight {unknown}
 k - 2 potions of resistance {unknown}
 m - 2 potions of berserk rage {unknown}
 s - 2 potions of invisibility {unknown}
 u - a potion of cancellation {unknown}
 v - a potion of mutation {unknown}


   Skills:
 + Level 5.1 Fighting
 * Level 6.2 Axes
 + Level 4.6 Armour
 - Level 3.2 Shields


You had 5 spell levels left.
You didn't know any spells.
Your spell library contained the following spells:

 Spells                   Type           Power      Damage    Failure   Level
 Summon Lightning Spire   Summ/Air       0%         N/A       100%        4
 Storm Form               Tmut/Air       0%         N/A       100%        7
 Maxwell's Capacitive Co  Air            0%         ∞         100%        8


Dungeon Overview and Level Annotations

Branches:
Dungeon (4/15)
 Temple: D:4-7

Altars:
Uskayaw
Xom

Shops:
D:1 :

Annotations:
D:3 1 runed translucent door, Darkkill's ghost, amateur MiHu


Message History

The orc priest is severely wounded.
The orc priest calls down the wrath of Beogh upon you.
Beogh smites you!
You hit the orc priest.
The orc priest shouts, "Beogh is our master!
Accept the truth or die!"
The orc priest is almost dead.
The orc priest calls down the wrath of Beogh upon you.
Beogh smites you!
* * * LOW HITPOINT WARNING * * *
The orc priest closely misses you.
You slash the orc priest!
You kill the orc priest!
A mysterious force pulls you upwards. The hatch slams shut behind you.
Level annotation: 1 runed translucent door, Darkkill's ghost, amateur MiHu
There is a fountain of clear blue water here.
There is a stone staircase leading down here.
You start resting.
HP restored.
You climb downwards.
There is a stone staircase leading up here.
An ogre is nearby!
Throw: 3 javelins
Press: ? - help, Q - select action Shift-Dir - straight line, f - ogre
Aim: an ogre, wielding a +0 giant club (73% to hit)
You throw a javelin. The javelin barely misses the ogre.
Unknown command.
You slash the ogre!
The ogre is moderately wounded.
The ogre hits you with a +0 giant club!
You hit the ogre.
The ogre is heavily wounded.
The ogre hits you with a +0 giant club!!
Ouch! That really hurt!
* * * LOW HITPOINT WARNING * * *
You hit the ogre but do no damage.
The ogre is heavily wounded.
You hit the ogre.
The ogre is heavily wounded.
The ogre hits you with a +0 giant club!!
You die...

.≈≈.....# .## . .≈≈...... #..
.#.# ..≈≈...... ..######...#
##≈≈.....# ..........# #≈≈...#.#
#)........# #≈≈.....##
###.........# #####
.#≈≈.#....####O@.......... #..†.
##≈≈..))[..##..#.......... #..##
≈≈≈.#O<)...(.##..<.......##.###
≈≈≈≈....)....#....).........^...
.....#....#..................###
.........##....#..........##..##
>....#...###.######.###### ##..#
.........# #.# ###.# ##.#
.[...#######.####...##########.#


You could see an ogre.

Vanquished Creatures
  A hound (D:3)
  An orc priest (D:4)
  An iguana (D:4)
  7 adders
  4 gnolls (D:4)
  A shadow imp (D:3)
  An ufetubus (D:4)
  2 worms
  A dart slug (D:2)
  4 orcs (D:4)
  4 bats
  An endoplasm (D:1)
  2 giant cockroaches
  6 goblins
  7 hobgoblins
  2 jackals (D:2)
  6 kobolds
  A quokka (D:4)
  5 ball pythons
  4 frilled lizards
  9 rats
70 creatures vanquished.

Notes
Turn   | Place    | Note
-------+----------+-------------------------------------------
     0 | D:1      | Jase the Hill Orc Fighter began the quest for the Orb.
     0 | D:1      | Reached XP level 1. HP: 19/19 MP: 1/1
    98 | D:1      | Reached skill level 3 in Axes
   219 | D:1      | Reached XP level 2. HP: 27/27 MP: 2/2
   269 | D:1      | Found Imnok's Vocational Training.
   529 | D:2      | Reached XP level 3. HP: 22/33 MP: 3/3
   587 | D:2      | Reached skill level 4 in Axes
   706 | D:2      | Identified the +0 chain mail of the Shining Light {Regen+
                  | Dex+4 Slay-6 SInv}
   856 | D:2      | Reached XP level 4. HP: 38/40 MP: 4/4
  1319 | D:3      | Found a shimmering altar of Xom.
  1332 | D:3      | Found a hide-covered altar of Uskayaw.
  1589 | D:3      | Reached skill level 5 in Axes
  1644 | D:3      | Identified the +7 sling of the Whelk {heavy, +Blink Dex+2}
  1737 | D:3      | Found a faded altar of an unknown god.
  1749 | D:3      | Reached XP level 5. HP: 47/47 MP: 5/5
  1858 | D:3      | Found a runed translucent door.
  1859 | D:3      | Noticed Darkkill's ghost (amateur MiHu)
  2272 | D:4      | Noticed an ogre
  2289 | D:3      | Reached skill level 5 in Fighting
  2289 | D:3      | Reached skill level 6 in Axes
  2289 | D:3      | Reached XP level 6. HP: 46/56 MP: 6/6
  2513 | D:4      | Mangled by an ogre

Illustrated notes

Levels and vault maps discovered:
D:1:      lightli_arrival_quake, layout_rooms, nicolae_shop_vocational
D:2:      layout_basic, corexii_shack, minmay_misc_feat_x,
          kennysheep_another_room
D:3:      layout_basic, grunt_temple_overflow_open, gammafunk_ghost_grave,
          shapermc_ecumenical_altar_gd, nicolae_half_adder
D:4:      layout_rooms, minmay_temple_entry_nine_rooms,
          gammafunk_ghost_gnarly_gnolls

Skill      XL: |  1  2  3  4  5 |
---------------+----------------+-----
Axes           | 3 4 5 6 |  6.2
Fighting       | 4 5 |  5.1
Armour         | 4 |  4.6
Shields        | |  3.2

Action                     |  1- 3 |  4- 6 || total
---------------------------+-------+-------++-------
  Melee: War axe           |    87 |   105 ||   192
  Throw: Javelin           |       |     1 ||     1
 Armour: Chain mail        |    34 |    65 ||    99
         Scale mail        |     5 |       ||     5
  Dodge: Dodged            |    34 |    37 ||    71
  Block: Buckler           |    24 |    29 ||    53
